[Event "Team 45 45 League T46"]
[Site "Internet Chess Club"]
[Date "2010.08.16"]
[Round "2"]
[White "marinellib"]
[Black "justice02"]
[Result "0-1"]
[WhiteElo "1754"]
[BlackElo "1757"]
[Opening "Caro-Kann: classical variation"]
[ECO "B18"]
[Time "17:03:43"]
[TimeControl "2700+45"]

1. e4 c6 2. d4 d5 3. Nc3 dxe4 4. Nxe4 Bf5 5. Qf3 e6 6. Be3 Qh4 7. Bd3 Nd7 8. h3
O-O-O 9. Bg5 Bxe4 10. Bxh4 Bxf3 11. Bxd8 Bxg2 12. Rh2 Bd5 13. Bh4 e5 14. c4 Bb4+
15. Ke2 Be6 16. a3 Bd6 17. Bg3 Ngf6 18. Nf3 e4 19. Bxd6 exd3+ 20. Kxd3 Bf5+ 21.
Ke2 Re8+ 22. Ne5 Ne4 23. Bb4 a5 24. Bxa5 Nxe5 25. dxe5 Rxe5 26. Be1 Ng5+ 27. Kd1
Bxh3 28. f4 Bg4+ 29. Kc2 Bf5+ 30. Kb3 Re3+ 31. Bc3 Nf3 32. Rhh1 Be4 33. Ka2 Bd3
34. Rad1 Bxc4+ 35. Ka1 g5 36. Rxh7 gxf4 37. Rh8+ Kc7 38. Bf6 Bd5 39. Bd8+ Kd7
40. Bb6 Re2 41. Rb8 Nd2 42. Rxb7+ Ke6 43. Bc7 f3 44. Bg3 f2 45. Bxf2 Rxf2 46.
Re1+ Ne4 47. Rb4 f5 48. Rb8 Ke5 49. a4 Kf4 50. a5 Nc5 51. Rb4+ Kf3 52. Rh4 Nb3+
53. Kb1 Nxa5 54. Rh3+ Kg2 55. Rc3 f4 56. Rcc1 f3 57. Re7 Nc4 58. Rg7+ Kh2 59.
Rh7+ Kg3 60. Rg7+ Kf4 61. Rcg1 Rxb2+ 62. Ka1 Rg2 63. R1xg2 fxg2 64. Kb1 Kf3 65.
Rg6 Be4+ 66. Kc1 Bxg6 67. Kd1 g1=Q# {White checkmated} 0-1

[Event "Team 45 45 League T46"]
[Site "Internet Chess Club"]
[Date "2010.08.12"]
[Round "2"]
[White "Gilguli"]
[Black "ticopatzer"]
[Result "0-1"]
[WhiteElo "1415"]
[BlackElo "1590"]
[Opening "Pirc: classical (two knights) system"]
[ECO "B08"]
[Time "17:18:42"]
[TimeControl "2700+45"]

1. e4 d6 2. d4 g6 3. Nf3 Nf6 4. Nc3 Bg7 5. Bc4 Nxe4 6. Bxf7+ Kxf7 7. Nxe4 Rf8 8.
c3 Kg8 9. Qb3+ d5 10. Bf4 Rxf4 11. Nc5 c6 12. Ng5 Qe8 13. Nge6 Bxe6 14. Nxe6
Re4+ 15. Kd2 Rxe6 16. Qxb7 Nd7 17. Rhe1 Rb8 18. Qxa7 Rxb2+ 19. Kd3 Rf6 20. f3
Rxg2 21. Re3 Bh6 {White resigns} 0-1

[Event "Team 45 45 League T46"]
[Site "Internet Chess Club"]
[Date "2010.08.13"]
[Round "2"]
[White "Rapidcitychess"]
[Black "gmlevanzov"]
[Result "1-0"]
[WhiteElo "1557"]
[BlackElo "1454"]
[Opening "Sicilian: Najdorf, 7...Be7"]
[ECO "B98"]
[Time "18:00:25"]
[TimeControl "2700+45"]

1. e4 c5 2. Nf3 d6 3. d4 cxd4 4. Nxd4 Nf6 5. Nc3 a6 6. Bg5 e6 7. f4 Be7 8. Qf3
Nbd7 9. O-O-O O-O 10. Bc4 Qc7 11. Bxe6 fxe6 12. Nxe6 Qc6 13. Nxf8 Kxf8 14. Nd5
Nxd5 15. exd5 Qc4 16. Bxe7+ Kxe7 17. Rhe1+ Kf8 18. Qe3 Nf6 19. b3 Qc7 20. h3 Bf5
21. Qd2 Nxd5 22. Kb2 Nf6 23. Qxd6+ Qxd6 24. Rxd6 Rc8 25. c4 Ne4 26. Rd5 Rc5 27.
g4 Rxd5 28. cxd5 Nc5 29. Kc3 Bg6 30. Kc4 b6 31. b4 Nd7 32. a4 Bf7 33. Kd4 Nf6
34. Re5 Nd7 35. Re2 Nf6 36. d6 a5 37. bxa5 bxa5 38. g5 Nd7 39. h4 Bb3 40. Rb2
Bxa4 41. Ra2 Bb3 42. Rxa5 Kf7 43. f5 h6 44. Ra7 Ke8 45. Ra8+ Kf7 46. Ra7 Ke8 47.
g6 Nf6 48. Rxg7 Bc2 49. Rf7 Ng8 50. d7+ Kd8 51. Rf8+ Kxd7 52. Rxg8 Bxf5 53. g7
Be6 54. Rh8 Ke7 55. g8=Q Bxg8 56. Rxg8 Kf7 57. Rg2 Kf6 58. Kd5 Kf5 59. Rf2+ Kg4
60. Ke4 Kxh4 61. Kf4 Kh3 62. Kf3 h5 63. Rf1 Kh2 64. Ra1 h4 65. Rb1 h3 66. Rb2+
Kg1 67. Kg3 Kf1 68. Kxh3 Ke1 69. Kg3 Kd1 70. Kf3 Kc1 71. Rh2 Kd1 72. Ke3 Kc1 73.
Kd3 Kb1 74. Kc3 {Black resigns} 1-0

[Event "Team 45 45 League T46"]
[Site "Internet Chess Club"]
[Date "2010.08.17"]
[Round "2"]
[White "eyalki"]
[Black "rookmaster23"]
[Result "0-1"]
[WhiteElo "1382"]
[BlackElo "1456"]
[Opening "Sicilian: Najdorf, Opocensky variation"]
[ECO "B92"]
[Time "15:30:23"]
[TimeControl "2700+45"]

1. e4 c5 2. Nf3 d6 3. d4 cxd4 4. Nxd4 Nf6 5. Nc3 a6 6. Be2 e5 7. Nf3 Be7 8. O-O
O-O 9. Be3 b5 10. h3 Bb7 11. Qd3 Nbd7 12. b4 d5 13. exd5 Bxb4 14. Rab1 Bxc3 15.
Qxc3 Nxd5 16. Qd2 Nxe3 17. Qxe3 Rc8 18. Rfd1 Bxf3 19. Bxf3 Qc7 20. Bg4 Rcd8 21.
Rd2 Nb6 22. Re2 Nc4 23. Qe4 Nd2 24. Qxe5 Qxe5 25. Rxe5 Nxb1 26. Bf3 Rd2 27. Bb7
Rxc2 28. Bxa6 Rxa2 29. Bxb5 Ra5 30. f4 Nc3 31. Bc4 Rxe5 32. fxe5 Re8 {White
resigns} 0-1

[Event "Team 45 45 League T46"]
[Site "Internet Chess Club"]
[Date "2010.08.14"]
[Round "2"]
[White "Paulkov"]
[Black "Gregorio"]
[Result "1-0"]
[WhiteElo "2276"]
[BlackElo "1959"]
[Opening "Ruy Lopez: fianchetto (Smyslov/Barnes) defense"]
[ECO "C60"]
[Time "11:26:10"]
[TimeControl "2700+45"]

1. e4 e5 2. Nf3 Nc6 3. Bb5 g6 4. c3 Bg7 5. d4 exd4 6. cxd4 a6 7. Bc4 b5 8. Bb3
Nge7 9. O-O O-O 10. Nc3 Na5 11. Bg5 Nxb3 12. Qxb3 h6 13. Bxe7 Qxe7 14. Nd5 Qd8
15. Rac1 c6 16. Nf4 Kh7 17. Rfe1 Bb7 18. Qd3 Qf6 19. g3 Rae8 20. e5 Qd8 21. Rcd1
d5 22. e6 Qf6 23. exf7 Qxf7 24. Nh4 Rxe1+ 25. Rxe1 Re8 26. Rxe8 Qxe8 27. f3 Bc8
28. Nhxg6 Qe1+ 29. Kg2 Kg8 30. a3 Kf7 31. b4 Qa1 32. Ne2 Qb2 33. Nf4 Bd7 34.
Qg6+ Kf8 35. Qh7 Qd2 36. Ng6+ Kf7 37. Ne5+ Ke8 38. Qg8+ {Black resigns} 1-0

[Event "Team 45 45 League T46"]
[Site "Internet Chess Club"]
[Date "2010.08.12"]
[Round "2"]
[White "BlackHorse"]
[Black "jorobo"]
[Result "1-0"]
[WhiteElo "2091"]
[BlackElo "2111"]
[Opening "French: exchange variation"]
[ECO "C01"]
[Time "18:00:28"]
[TimeControl "2700+45"]

1. e4 e6 2. d4 d5 3. exd5 exd5 4. Bd3 Bd6 5. Qf3 Ne7 6. Ne2 O-O 7. Bg5 Nbc6 8.
c3 Qd7 9. h3 f6 10. Bf4 Nd8 11. Nd2 Bxf4 12. Nxf4 Ne6 13. O-O-O Nxf4 14. Qxf4
Ng6 15. Qg3 Qf7 16. h4 Re8 17. h5 Nf8 18. Qh4 Bd7 19. g4 h6 20. f4 Re3 21. Bc2
a5 22. g5 fxg5 23. fxg5 Ra6 24. Rdg1 Qe7 25. Qf4 hxg5 26. Qxc7 Rae6 27. Qxb7
Re1+ 28. Rxe1 Rxe1+ 29. Rxe1 Qxe1+ 30. Bd1 Bg4 31. Qxd5+ Kh8 32. Nf3 Qe3+ 33.
Kc2 Ne6 34. Qe5 Qf2+ 35. Nd2 Bf5+ 36. Kc1 Nf4 37. Qxa5 Nd3+ 38. Kc2 Nc5+ 39. Kc1
Nd3+ 40. Kc2 Nb4+ 41. Kb3 Qxd2 42. Qxf5 Qxd1+ 43. Kxb4 g4 44. d5 g3 45. Qf8+ Kh7
46. d6 g2 47. Qf5+ Kh8 48. d7 g1=Q 49. Qf8+ Kh7 50. d8=Q Qgg4+ 51. c4 Qe1+ 52.
Ka3 Qgg3+ 53. b3 {Black forfeits on time} 1-0

[Event "Team 45 45 League T46"]
[Site "Internet Chess Club"]
[Date "2010.08.18"]
[Round "2"]
[White "az2112"]
[Black "Speedy-Reedy"]
[Result "0-1"]
[WhiteElo "1742"]
[BlackElo "1864"]
[Opening "Pirc: Austrian attack, 6.Bd3"]
[ECO "B09"]
[Time "10:56:01"]
[TimeControl "2700+45"]

1. e4 d6 2. d4 Nf6 3. Nc3 g6 4. f4 Bg7 5. Nf3 O-O 6. Bd3 Na6 7. O-O c5 8. d5 Nc7
9. a4 Bd7 10. Qe1 Rb8 11. a5 b5 12. axb6 axb6 13. Qh4 h6 14. e5 dxe5 15. f5 g5
16. Nxg5 hxg5 17. Bxg5 b5 18. Bh6 c4 19. Qg5 Nfe8 20. f6 exf6 {White resigns}
0-1

[Event "Team 45 45 League T46"]
[Site "Internet Chess Club"]
[Date "2010.08.16"]
[Round "2"]
[White "martineden"]
[Black "SlimeDog2"]
[Result "1/2-1/2"]
[WhiteElo "1865"]
[BlackElo "2180"]
[Opening "Vienna game"]
[ECO "C26"]
[Time "04:08:42"]
[TimeControl "2700+45"]

1. e4 e5 2. Nc3 Nf6 3. Bc4 Bb4 4. d3 d5 5. exd5 Nxd5 6. Bd2 Nxc3 7. bxc3 Be7 8.
Nf3 Nd7 9. O-O O-O 10. Re1 Bf6 11. Rb1 Nb6 12. Nxe5 Bxe5 13. Rxe5 Nxc4 14. dxc4
Qd6 15. Bf4 Qa3 16. Reb5 Qxa2 17. R5b4 Qa5 18. Ra1 Qc5 19. Be3 Qc6 20. Bxa7 Be6
21. c5 Rfd8 22. Rd4 Rxd4 23. cxd4 Bc4 24. Bb6 Re8 25. Ba5 Bd5 26. f3 h5 27. Qd3
f6 28. c4 Bf7 29. Bb4 Qe6 30. d5 {Game drawn by mutual agreement} 1/2-1/2

[Event "Team 45 45 League T46"]
[Site "Internet Chess Club"]
[Date "2010.08.16"]
[Round "2"]
[White "chsrules88"]
[Black "chess9793"]
[Result "1/2-1/2"]
[WhiteElo "2018"]
[BlackElo "1980"]
[Opening "Sicilian: accelerated fianchetto, modern variation"]
[ECO "B34"]
[Time "12:30:24"]
[TimeControl "2700+45"]

1. e4 c5 2. Nf3 Nc6 3. d4 cxd4 4. Nxd4 g6 5. Nc3 Bg7 6. Be3 Nf6 7. Be2 O-O 8.
O-O d5 9. exd5 Nxd5 10. Nxd5 Qxd5 11. Bf3 Qc4 12. Nxc6 bxc6 13. c3 Be6 14. Qc2
a5 15. b3 Qxc3 16. Qxc3 Bxc3 17. Rac1 Bb4 18. Bxc6 Rac8 19. Be4 Ba3 20. Rxc8
Rxc8 21. Rd1 f6 22. Bb6 Bb4 23. Rd8+ Rxd8 24. Bxd8 Kf7 25. Kf1 Ke8 26. Bb6 f5
27. Bd3 Kd7 28. Ke2 Kc6 29. Bd4 Bd5 30. g3 Bd6 31. f4 Bc5 32. Ke3 Kd6 33. Bb5
Ba3 34. Kd3 Be4+ 35. Kc3 Bb4+ 36. Kc4 Bd5+ 37. Kd3 Be4+ 38. Ke3 Bd5 39. Bd3 Bc5
40. Bb5 Ba3 {Game drawn by mutual agreement} 1/2-1/2

[Event "Team 45 45 League T46"]
[Site "Internet Chess Club"]
[Date "2010.08.14"]
[Round "2"]
[White "Constrictor"]
[Black "Atlantis"]
[Result "0-1"]
[WhiteElo "1707"]
[BlackElo "1850"]
[Opening "Queen's pawn game, Krause variation"]
[ECO "D02"]
[Time "11:20:21"]
[TimeControl "2700+45"]

1. Nf3 d5 2. d4 c5 3. g3 cxd4 4. Bg2 Nc6 5. Nxd4 e5 6. Nxc6 bxc6 7. O-O Nf6 8.
c4 Be6 9. Qa4 Qd7 10. Nc3 Be7 11. Rd1 Rd8 12. Bg5 e4 13. Bxe4 Nxe4 14. Nxe4 O-O
15. cxd5 Bxd5 16. Bxe7 Qxe7 17. Nc3 Rfe8 18. Nxd5 cxd5 19. e3 Qb7 20. b3 Re4 21.
Qa5 Rd6 22. Rac1 Re7 23. Rxd5 Red7 24. Rxd6 Rxd6 25. Qc5 Rd8 26. Qc7 Rd1+ 27.
Rxd1 Qxc7 {White resigns} 0-1

[Event "Team 45 45 League T46"]
[Site "Internet Chess Club"]
[Date "2010.08.15"]
[Round "2"]
[White "krysto"]
[Black "ILRE"]
[Result "0-1"]
[WhiteElo "1365"]
[BlackElo "1489"]
[Opening "French: advance, Euwe variation"]
[ECO "C02"]
[Time "09:00:37"]
[TimeControl "2700+45"]

1. e4 e6 2. d4 d5 3. e5 c5 4. c3 Nc6 5. Nf3 Bd7 6. Bd3 cxd4 7. cxd4 Nge7 8. O-O
Ng6 9. Nbd2 Be7 10. Nb3 b6 11. Be3 Nb4 12. Be2 Rc8 13. Bd2 O-O 14. a3 Nc6 15.
Rc1 f6 16. exf6 Bxf6 17. Re1 e5 18. dxe5 Ngxe5 19. Bc3 Be6 20. Nbd4 Bd7 21. Nxc6
Nxf3+ 22. Bxf3 Bxc6 23. Bd4 Qd6 24. Bxf6 Rxf6 25. Bxd5+ Kf8 26. Bxc6 Rxc6 27.
Rxc6 Qxc6 28. Qd8+ Kf7 29. Qe7+ Kg6 30. Qe4+ Qxe4 31. Rxe4 Rc6 32. Re1 Kf6 33.
Kf1 Rc2 34. b4 Ra2 35. Re3 g5 36. g3 h5 37. Kg2 g4 38. h4 gxh3+ 39. Kxh3 Rxf2
40. g4 hxg4+ 41. Kxg4 Rf1 42. b5 Rb1 43. a4 Rb4+ 44. Kg3 Rxa4 45. Rb3 Ke5 46.
Kf3 Kd5 47. Ke3 Kc4 48. Rb1 Ra3+ 49. Kd2 Rb3 50. Rxb3 Kxb3 51. Kc1 Kb4 52. Kb2
Kxb5 53. Kb3 a6 54. Ka3 Kc4 55. Ka4 Kc3 56. Ka3 b5 57. Ka2 Kc2 58. Ka1 b4 59.
Ka2 b3+ 60. Ka1 b2+ 61. Ka2 b1=Q+ 62. Ka3 Qb3# {White checkmated} 0-1

[Event "Team 45 45 League T46"]
[Site "Internet Chess Club"]
[Date "2010.08.12"]
[Round "2"]
[White "houseofcook"]
[Black "LeanSixSigma"]
[Result "0-1"]
[WhiteElo "1471"]
[BlackElo "1522"]
[Opening "Sicilian: closed"]
[ECO "B23"]
[Time "13:00:20"]
[TimeControl "2700+45"]

1. e4 c5 2. Nc3 e6 3. f4 Be7 4. Nf3 d6 5. Bb5+ Bd7 6. Bxd7+ Nxd7 7. O-O Ngf6 8.
d3 O-O 9. Bd2 a6 10. e5 dxe5 11. fxe5 Nxe5 12. Kh1 Nxf3 13. Qxf3 Nd5 14. Nxd5
Qxd5 15. Qg4 f5 16. Qg3 Bf6 17. c3 Rad8 18. Rf3 c4 19. d4 Rde8 20. Bg5 Bxg5 21.
Qxg5 Rf6 22. Qh5 Rg6 23. Rg3 f4 24. Qxd5 exd5 25. Rxg6 hxg6 26. h3 Re2 27. Rb1
Kf7 28. Kg1 Kf6 29. Kf1 Rc2 30. Re1 Rxb2 31. Re2 Rxe2 32. Kxe2 Kf5 33. Kf3 g5
34. a3 b5 35. Ke2 g4 36. h4 g5 37. hxg5 Kxg5 38. Kf2 Kh4 39. g3+ fxg3+ 40. Kg2
a5 41. Kg1 Kh3 42. Kh1 g2+ 43. Kg1 Kg3 44. a4 b4 {White resigns} 0-1

[Event "Team 45 45 League T46"]
[Site "Internet Chess Club"]
[Date "2010.08.16"]
[Round "2"]
[White "supraholic"]
[Black "blizzard13"]
[Result "1-0"]
[WhiteElo "1282"]
[BlackElo "1362"]
[Opening "Ruy Lopez: Schliemann defense"]
[ECO "C63"]
[Time "14:09:41"]
[TimeControl "2700+45"]

1. e4 e5 2. Nf3 Nc6 3. Bb5 f5 4. d3 fxe4 5. dxe4 Nf6 6. Bg5 Bc5 7. Qe2 h6 8.
Bxf6 Qxf6 9. Nc3 O-O 10. Nd5 Qd6 11. Rd1 Nd4 12. Nxd4 Bxd4 13. O-O c6 14. c3
cxb5 15. cxd4 exd4 16. Rxd4 Qc5 17. Rfd1 b6 18. b4 Qd6 19. e5 Qb8 20. Ne7+ Kf7
21. Nxc8 Qxc8 22. Qxb5 Qc6 23. Rxd7+ Qxd7 24. Rxd7+ Kg8 25. e6 Rac8 26. h3 Rc1+
27. Kh2 Rxf2 28. e7 Rcc2 29. e8=Q+ Kh7 30. Qd3+ {Black resigns} 1-0

[Event "Team 45 45 League T46"]
[Site "Internet Chess Club"]
[Date "2010.08.16"]
[Round "2"]
[White "bigdill"]
[Black "jocooper"]
[Result "0-1"]
[WhiteElo "888"]
[BlackElo "1097"]
[Opening "Pirc defense"]
[ECO "B07"]
[Time "21:00:11"]
[TimeControl "2700+45"]

1. e4 d6 2. d4 Nf6 3. Bd3 g6 4. Bg5 Bg7 5. Nc3 O-O 6. Nd5 Nbd7 7. Qd2 c6 8.
Nxf6+ Nxf6 9. O-O-O Be6 10. b3 Qb6 11. Nf3 Bg4 12. e5 dxe5 13. dxe5 Nd5 14. c4
f6 15. exf6 Nxf6 16. Rde1 Qc7 17. Bf4 Qd8 18. Ne5 Nd7 19. Nxg4 Nf6 20. Nh6+ Kh8
21. c5 Ng4 22. Nxg4 Qd4 23. Kd1 Rxf4 24. Be2 Qxd2+ 25. Kxd2 Rd8+ 26. Ke3 Rdd4
27. g3 Rde4+ 28. Kd3 Rd4+ 29. Kc3 Rde4+ 30. Kd3 Rd4+ 31. Ke3 Rde4+ 32. Kd3 Rd4+
33. Kc2 Rf8 34. Rd1 Rfd8 35. Ne3 h5 36. h3 b5 37. g4 h4 38. Kc3 Rxd1+ 39. Kc2
Rxh1 {White resigns} 0-1

[Event "Team 45 45 League T46"]
[Site "Internet Chess Club"]
[Date "2010.08.13"]
[Round "2"]
[White "smsxman"]
[Black "JohLeb"]
[Result "0-1"]
[WhiteElo "1334"]
[BlackElo "1310"]
[Opening "Sicilian: dragon variation"]
[ECO "B70"]
[Time "12:58:20"]
[TimeControl "2700+45"]

1. e4 c5 2. Nf3 d6 3. Nc3 Nf6 4. d4 cxd4 5. Nxd4 g6 6. Bc4 Bg7 7. O-O O-O 8. Re1
a6 9. Bg5 b5 10. Bb3 Bb7 11. e5 dxe5 12. Rxe5 Nbd7 13. Re1 Re8 14. Nf3 Nc5 15.
Qe2 Nxb3 16. cxb3 b4 17. Rad1 Qc7 18. Na4 h6 19. Be3 Ng4 20. Rc1 Bxf3 21. Rxc7
Bxe2 22. Rxe2 Nxe3 23. Rxe3 Kf8 24. Re2 a5 25. g3 e6 26. Rec2 Bd4 27. Rd7 e5 28.
Kg2 Rac8 29. Rxc8 Rxc8 30. Rd5 Rc2 31. Rxa5 Bxf2 32. Kh3 Ke7 33. Rxe5+ Kf6 34.
Re4 Bg1 35. Kg4 h5+ 36. Kf3 Rf2+ 37. Ke3 Rxb2+ 38. Kd3 Rxa2 39. h3 Rg2 40. g4
hxg4 41. hxg4 Rg3+ 42. Kc4 Kg5 43. Kxb4 Rxg4 44. Rxg4+ Kxg4 45. Kc4 f5 46. Kd3
f4 47. Ke2 f3+ 48. Kf1 Ba7 49. Nc3 Kg3 50. Ne4+ Kf4 51. Nd2 g5 52. b4 g4 53. b5
g3 54. Nxf3 Kxf3 {White resigns} 0-1

[Event "Team 45 45 League T46"]
[Site "Internet Chess Club"]
[Date "2010.08.12"]
[Round "2"]
[White "trickey1872"]
[Black "tryanything"]
[Result "1-0"]
[WhiteElo "1416"]
[BlackElo "1613"]
[Opening "Réti: King's Indian attack"]
[ECO "A08"]
[Time "04:32:06"]
[TimeControl "2700+45"]

1. Nf3 d5 2. g3 c5 3. Bg2 Nc6 4. O-O e5 5. d3 Nf6 6. Bg5 h6 7. Bxf6 Qxf6 8. Nbd2
Be6 9. e3 O-O-O 10. a3 g5 11. b4 cxb4 12. axb4 Bxb4 13. Qb1 Ba5 14. Nb3 Bb6 15.
Nfd2 h5 16. c4 dxc4 17. dxc4 Qe7 18. c5 Bxc5 19. Nxc5 Qxc5 20. Rc1 Qb6 21. Qc2
Rxd2 22. Qxd2 Rd8 23. Qc2 Rd6 24. Rcb1 Qc7 25. Bxc6 Rxc6 26. Qd2 Rd6 27. Qb4 Kb8
28. Rc1 Qb6 29. Qc3 Rc6 30. Qxe5+ Kc8 31. Rab1 Rxc1+ 32. Rxc1+ Kd7 33. Qxg5 a5
34. Rd1+ Kc6 35. Qe7 Qc5 36. Qe8+ Kc7 37. Qd8+ Kc6 38. Ra1 b6 39. Qd2 Kb7 40. f3
Bb3 41. Rc1 Qd5 42. Qc3 a4 43. e4 Qd7 44. f4 b5 45. Rb1 Qc6 46. Qe5 Kb6 47. Qb8+
Ka5 48. Qa7+ Kb4 49. Qd4+ Qc4 50. Qd2+ Qc3 51. Qd6+ Qc5+ 52. Qxc5+ Kxc5 53. Rc1+
Kb4 54. f5 a3 55. e5 a2 56. e6 fxe6 57. f6 Ka3 58. f7 Kb2 59. Re1 Bc2 60. f8=Q
Bb1 61. Qb4+ Kc2 62. Re2+ {Black resigns} 1-0

[Event "Team 45 45 League T46"]
[Site "Internet Chess Club"]
[Date "2010.08.16"]
[Round "2"]
[White "ars-felidae"]
[Black "CoasterBrake"]
[Result "1-0"]
[WhiteElo "1377"]
[BlackElo "1223"]
[Opening "Caro-Kann: advance variation"]
[ECO "B12"]
[Time "11:02:48"]
[TimeControl "2700+45"]

1. e4 c6 2. d4 d5 3. e5 Bf5 4. Nf3 e6 5. Nc3 Nd7 6. Bd3 Bxd3 7. Qxd3 Be7 8. O-O
f6 9. exf6 Bxf6 10. Re1 e5 11. dxe5 Be7 12. Qf5 Qc8 13. e6 Ndf6 14. Ne5 g6 15.
Nxg6 hxg6 16. Qxg6+ Kd8 17. Bf4 b6 18. Rad1 Qa6 19. Be5 Qc4 20. Rd4 Rh6 21. Qf7
Qc5 22. b4 Qxc3 23. Rxd5+ Bd6 24. Rxd6+ Kc8 25. Bxc3 {Black resigns} 1-0

[Event "Team 45 45 League T46"]
[Site "Internet Chess Club"]
[Date "2010.08.16"]
[Round "2"]
[White "Fogbound"]
[Black "DrOMM"]
[Result "0-1"]
[WhiteElo "1293"]
[BlackElo "1322"]
[Opening "Queen's bishop game"]
[ECO "D02"]
[Time "15:00:18"]
[TimeControl "2700+45"]

1. d4 d5 2. Nf3 Nf6 3. Bf4 c5 4. c3 Nc6 5. e3 cxd4 6. exd4 Qb6 7. Qc1 Bg4 8.
Nbd2 e6 9. Bd3 Be7 10. O-O O-O 11. Ne5 Nxe5 12. dxe5 Nd7 13. Be3 Bc5 14. Bf4 Qc7
15. Re1 f6 16. b4 Bb6 17. c4 Bd4 18. Rb1 Bxe5 19. Bxe5 Nxe5 20. cxd5 Qxc1 21.
Rexc1 Nxd3 22. Rc7 Rf7 23. d6 Rxc7 24. dxc7 Rc8 25. h3 Bh5 26. Ne4 Rxc7 27. Nd6
Rc1+ 28. Rxc1 Nxc1 29. Nxb7 Nxa2 30. b5 Be2 31. Nd6 Nc3 32. f3 Nxb5 33. Nc8 a5
34. Kf2 Bc4 35. Ne7+ Kf7 36. Nc6 a4 37. Ke1 a3 38. Nb4 a2 39. Nxa2 Bxa2 40. Kd2
Bc4 41. Ke3 e5 42. g3 Be6 43. g4 g6 44. h4 Nd4 45. f4 exf4+ 46. Kxf4 Ne2+ 47.
Ke3 Bxg4 48. Kd3 f5 49. Ke3 Kf6 50. h5 gxh5 51. Kf2 Kg5 52. Ke3 h4 53. Kf2 h3
54. Kf1 h2 55. Kg2 Bf3+ 56. Kxh2 h5 57. Kh3 f4 58. Kh2 Bb7 59. Kh3 f3 60. Kh2 f2
{White resigns} 0-1

[Event "Team 45 45 League T46"]
[Site "Internet Chess Club"]
[Date "2010.08.13"]
[Round "2"]
[White "rook9999"]
[Black "badmove"]
[Result "1-0"]
[WhiteElo "1665"]
[BlackElo "1723"]
[Opening "Scotch: Blackburne attack"]
[ECO "C45"]
[Time "16:00:32"]
[TimeControl "2700+45"]

1. e4 e5 2. Nf3 Nc6 3. d4 exd4 4. Nxd4 Bc5 5. Be3 Qf6 6. c3 Nge7 7. Qd2 O-O 8.
Nxc6 Bxe3 9. Nxe7+ Qxe7 10. Qxe3 Re8 11. Nd2 d5 12. Be2 dxe4 13. O-O Be6 14.
Qxe4 Qg5 15. Nf3 Qf6 16. Bd3 Qh6 17. Qh4 {Black resigns} 1-0

[Event "Team 45 45 League T46"]
[Site "Internet Chess Club"]
[Date "2010.08.15"]
[Round "2"]
[White "dscvdchk"]
[Black "zigzag2002"]
[Result "0-1"]
[WhiteElo "1474"]
[BlackElo "1636"]
[Opening "Queen's pawn game, Chigorin variation"]
[ECO "D02"]
[Time "23:01:19"]
[TimeControl "2700+45"]

1. d4 d5 2. Nf3 Nc6 3. c4 e6 4. Nc3 Nf6 5. a3 Be7 6. e3 O-O 7. Bd3 Bd7 8. O-O a5
9. Re1 b6 10. e4 dxe4 11. Nxe4 Nxe4 12. Bxe4 f5 13. Bc2 Bf6 14. d5 exd5 15.
Qxd5+ Kh8 16. Ne5 Bxe5 17. Rxe5 Nxe5 18. Qxe5 Re8 19. Qc3 Qf6 20. Bd2 Qxc3 21.
Bxc3 Rad8 22. f3 Kg8 23. Kf2 Re7 24. b4 axb4 25. Bxb4 c5 26. Bd2 Rde8 27. Bd3 g6
28. a4 Be6 29. Bf1 Rd7 30. Bc3 Ra8 31. a5 bxa5 32. Rxa5 Rxa5 33. Bxa5 Kf7 34.
Bb6 Rd2+ 35. Ke3 Rc2 36. Bxc5 Bxc4 37. Bxc4+ Rxc4 38. Bd6 Kf6 39. Kd3 Ra4 40.
Ke3 g5 41. g3 Ra2 42. h4 gxh4 43. gxh4 Ra4 44. Bf4 Ra3+ 45. Kf2 h5 46. Bg5+ Ke5
47. Kg3 Ra4 48. Kf2 f4 49. Bh6 Ra2+ 50. Kg1 Kf5 51. Bg7 Ra6 52. Bd4 Rg6+ 53. Kf2
Rg3 54. Ke2 Rh3 55. Bf2 Rh2 56. Kf1 Rh1+ 57. Kg2 Ra1 58. Bd4 Ra2+ 59. Bf2 Ke5
60. Kf1 Rxf2+ 61. Kxf2 Kd4 62. Ke2 Kc3 63. Ke1 Kd3 64. Kf2 Kd2 65. Kf1 Ke3 66.
Kg2 Ke2 67. Kg1 Kxf3 68. Kf1 Kg3 69. Kg1 Kxh4 70. Kf2 Kg4 71. Kg2 h4 {White
resigns} 0-1

[Event "Team 45 45 League T46"]
[Site "Internet Chess Club"]
[Date "2010.08.15"]
[Round "2"]
[White "cazj"]
[Black "vishnugupta"]
[Result "1-0"]
[WhiteElo "1334"]
[BlackElo "1312"]
[Opening "Sicilian defense"]
[ECO "B41"]
[Time "11:02:34"]
[TimeControl "2700+45"]

1. e4 c5 2. Nf3 e6 3. d4 cxd4 4. Nxd4 e5 5. Nf5 d6 6. Qd5 Nf6 7. Bb5+ Nbd7 8.
Nxd6+ Bxd6 9. Qxd6 Nxe4 10. Qxe5+ Qe7 11. Bxd7+ Bxd7 12. Qxg7 Ng3+ 13. Be3 Nxh1
14. Qxh8+ Qf8 15. Qe5+ Be6 16. Bc5 Qh6 17. Nc3 Rd8 18. Rd1 Rxd1+ 19. Nxd1 Qc1
20. Qc7 Qg5 21. Qxb7 Qxc5 22. c3 Bxa2 23. Qb8+ Kd7 24. Qg8 Bb3 25. Qxh7 Bxd1 26.
Qd3+ Ke6 27. Qe4+ Kd7 28. Qd3+ Ke6 29. Qe3+ Kd6 30. Qxc5+ Kxc5 31. Kxd1 Nxf2+
32. Ke2 Ng4 33. h4 f5 34. Kf3 Kd5 35. Kf4 Ke6 36. c4 Nf6 37. Kg5 Nh7+ 38. Kg6
Nf8+ 39. Kg7 Nd7 40. h5 f4 41. h6 Nf6 42. c5 Ne8+ 43. Kg6 Nf6 44. c6 Nd5 45. h7
Ne7+ 46. Kg5 Nxc6 47. h8=Q Ne5 48. Qf6+ Kd5 49. Qxf4 Nd3 50. Qf5+ Kc4 51. b3+
Kc3 52. Qf3 Kd4 53. g4 Ne5 54. Qf2+ Kc3 55. Qe3+ Nd3 56. Kf5 Kc2 57. g5 a5 58.
g6 Nc1 59. Qc5+ Kxb3 60. Qxa5 Nd3 61. g7 Kc4 62. g8=Q+ Kd4 63. Qgd5+ Ke3 64.
Qe4+ Kf2 65. Qd2+ Kf1 66. Qexd3+ Kg1 67. Kf4 {Black resigns} 1-0

[Event "Team 45 45 League T46"]
[Site "Internet Chess Club"]
[Date "2010.08.16"]
[Round "2"]
[White "dornoch"]
[Black "iwin2"]
[Result "0-1"]
[WhiteElo "987"]
[BlackElo "1008"]
[Opening "Sicilian: Hungarian variation"]
[ECO "B34"]
[Time "11:05:24"]
[TimeControl "2700+45"]

1. e4 c5 2. Nf3 g6 3. Nc3 Bg7 4. d4 cxd4 5. Nxd4 Nc6 6. Nxc6 bxc6 7. Bd2 e6 8.
Bd3 Ne7 9. O-O O-O 10. Qe2 d5 11. exd5 exd5 12. Ba6 Bxa6 13. Qxa6 Rb8 14. Rab1
Rb6 15. Qxa7 Nc8 16. Qa8 Qc7 17. b3 Na7 18. Bf4 Qxf4 19. Qxa7 Bxc3 20. Qxb6 Be5
21. g3 Qf3 22. Qe3 Qf5 23. Qe2 Re8 24. f4 Bd4+ 25. Rf2 Rxe2 {White resigns} 0-1

[Event "Team 45 45 League T46"]
[Site "Internet Chess Club"]
[Date "2010.08.16"]
[Round "2"]
[White "BrerRabbit"]
[Black "j316chuck"]
[Result "1-0"]
[WhiteElo "1531"]
[BlackElo "1534"]
[Opening "English opening"]
[ECO "A20"]
[Time "19:32:31"]
[TimeControl "2700+45"]

1. c4 e5 2. g3 Nf6 3. Bg2 d5 4. cxd5 Nxd5 5. Nc3 Be6 6. Nf3 Nc6 7. d3 Bb4 8. Bd2
Nxc3 9. Bxc3 Bxc3+ 10. bxc3 O-O 11. O-O Qd7 12. Qc2 Bh3 13. Rab1 Bxg2 14. Kxg2
Rab8 15. Rb2 Kh8 16. Rfb1 b6 17. Qb3 f5 18. Qb5 Qe6 19. Qb3 Qf6 20. Nd2 f4 21.
Ne4 Qf5 22. f3 g5 23. g4 Qg6 24. Rh1 h5 25. h3 Kg7 26. Rbb1 hxg4 27. hxg4 Rh8
28. Rbc1 Rh7 29. Rxh7+ Kxh7 30. Rh1+ Kg7 31. Qd5 Rh8 32. Qd7+ {Black resigns}
1-0

[Event "Team 45 45 League T46"]
[Site "Internet Chess Club"]
[Date "2010.08.15"]
[Round "2"]
[White "kid6988"]
[Black "SCUGrad"]
[Result "0-1"]
[WhiteElo "1375"]
[BlackElo "1449"]
[Opening "Ruy Lopez: open (Tarrasch) defense"]
[ECO "C80"]
[Time "23:00:12"]
[TimeControl "2700+45"]

1. e4 e5 2. Nf3 Nc6 3. Bb5 a6 4. Ba4 Nf6 5. O-O Nxe4 6. Re1 Nc5 7. Bxc6 dxc6 8.
Nxe5 Be7 9. d4 Ne6 10. c3 O-O 11. Qd3 Nc5 12. Qg3 Ne6 13. a4 Bh4 14. Qd3 Qd5 15.
Re4 Bf6 16. c4 Qd8 17. d5 Nc5 18. Qe3 Nxe4 19. Qxe4 Re8 20. Bf4 Qe7 21. Nc3 Bxe5
22. Bxe5 Qxe5 23. Qxe5 Rxe5 24. dxc6 bxc6 25. Rd1 Bf5 26. h3 h6 27. f4 Re6 28.
b4 Rae8 29. Kf2 Re3 30. Rc1 Rd3 31. Nb1 h5 32. c5 h4 33. Kf1 Rd4 34. Nc3 Rxf4+
35. Kg1 Rxb4 36. Rf1 g6 37. a5 Rc4 38. Nd1 Rxc5 {White resigns} 0-1